 Dungeon Crawl Stone Soup version 0.29-a0-284-gf9362112df (webtiles) character file.

Game seed: 9451003459758121729

1838 Dabor the Cudgeller (level 9, -3/56 HPs)
             Began as a Gargoyle Fighter on Mar 14, 2022.
             Slain by a vampire (8 damage)
             ... on level 6 of the Dungeon.
             The game lasted 00:10:40 (6246 turns).

Dabor the Cudgeller (Gargoyle Fighter)              Turns: 6246, Time: 00:10:40

Health: -3/56      AC: 16    Str: 25    XL:     9   Next: 11%
Magic:  9/9        EV: 11    Int:  8    God:
Gold:   156        SH:  4    Dex:  9    Spells: 8/8 levels left

rFire   . . .      SeeInvis .   l - +7 club
rCold   . . .      Faith    .   c - +0 buckler
rNeg    + . .      Spirit   .   b - +0 scale mail
rPois   ∞          Reflect  .   m - +1 helmet
rElec   +          Harm     .   (no cloak)
rCorr   +          Rampage  .   (no gloves)
Will    .....                   (no boots)
Stlth   ..........              (no amulet)
HPRegen 0.18/turn               q - ring of resist corrosion
MPRegen 0.11/turn               (no ring)

@: studying Dodging
A: sickness immunity, AC +6, negative energy resistance 1, electricity
resistance, torment resistance 1, petrification resistance
a: no special abilities


You were on level 6 of the Dungeon.
You visited 1 branch of the dungeon, and saw 6 of its levels.

You collected 357 gold pieces.
You spent 201 gold pieces at shops.

Inventory:

Hand Weapons
 a - a +0 flail
 l - a +7 club (weapon)
 o - a +1 flail of holy wrath
 r - a +2 flail of protection
Missiles
 s - 8 poisoned darts (quivered)
Armour
 b - a +0 scale mail (worn)
 c - a +0 buckler (worn)
 m - a +1 helmet (worn)
Jewellery
 n - a ring of magical power
 q - a ring of resist corrosion (left hand)
Scrolls
 g - a scroll of amnesia
 k - a scroll of enchant armour
 t - a scroll of holy word
Potions
 d - 2 potions of might
 e - 3 potions of heal wounds
 h - a potion of attraction {unknown}
 j - 4 potions of curing {unknown}


   Skills:
 + Level 6.5 Fighting
 * Level 7.5 Maces & Flails
 + Level 6.5 Armour
 + Level 5.1 Dodging
 - Level 3.2 Shields


You had 8 spell levels left.
You didn't know any spells.
Your spell library contained the following spells:

 Spells                   Type           Power      Damage    Failure   Level
 Summon Forest            Summ/Tloc      0%         N/A       100%        5
 Eringya's Noxious Bog    Tmut/Pois      0%         N/A       100%        6
 Summon Hydra             Summ           0%         N/A       100%        7


Dungeon Overview and Level Annotations

Branches:
Dungeon (6/15)             Temple (0/1) D:6

Altars:
Ashenzari
Elyvilon
Qazlal
Ru
Uskayaw

Shops:
D:3 =!!(


Innate Abilities, Weirdness & Mutations

You are immune to sickness and miasma.
Your stone body is resilient. (AC +6)
You are immune to poison.
You resist negative energy. (rN+)
You are resistant to electric shocks. (rElec)
You are resistant to unholy torment.
You are immune to petrification.


Message History

Deactivating autopickup; reactivate with Ctrl-A.
You block the orc's attack.
You hit the orc.
The orc is heavily wounded.
Something hits you but does no damage. Something bites you.
The orc hits you with a +0 club.
You sock the orc!
You kill the orc!
Something hits you but does no damage. Something bites you.
No target in view!
No target in view!
You hit something. Something hits you! Something bites you but does no damage.
You barely miss something. Something hits you but does no damage.
Something bites you but does no damage.
You miss something. Something hits you but does no damage.
Something bites you but does no damage.
You hit something but do no damage. Something hits you.
Something barely misses you.
You hit something. Something hits you but does no damage.
Something bites you but does no damage.
You hit something but do no damage. Something hits you.
Something bites you but does no damage.
You miss something.
You hear some strange, mumbled words.
Something tries to affect you, but you resist.
You closely miss something. Something hits you but does no damage.
Something bites you but does no damage.
You closely miss something. Something hits you.
Something bites you but does no damage.
You barely miss something. You hit something. Something hits you!
* * * LOW HITPOINT WARNING * * *
Something bites you.
* * * LOW HITPOINT WARNING * * *
Something hits you.
* * * LOW HITPOINT WARNING * * *
Something bites you but does no damage.
You see here 6 stones.
Something hits you!
You die...

..................
##..#####.........
......).......###.
#..).#...#....#
##. #.⌠.#...##
...###...###.#
.............#
.#..⌠..>..⌠..#
#.....@.....#
#.###...###.# #.
#.⌠.# .# $ #?).#
....... ...##.....
## #.##.## .. ..
.#. #..


There were no monsters in sight!

Vanquished Creatures
  Pikel (D:5)
  Sigmund (D:4)
  Duvessa (D:4)
  An ice beast (D:5)
  2 sky beasts
  2 ogres
  A lemure (D:5)
  Blork the orc (D:5)
  A necrophage (D:5)
  A scorpion (D:6)
  Dowan (D:4)
  4 hounds
  An iguana (D:5)
  Ijyb (D:5)
  An orc wizard (D:5)
  Robin (D:3)
  7 gnolls (D:5)
  7 adders
  An ufetubus (D:5)
  3 worms
  4 dart slugs
  3 orcs
  8 ball pythons
  5 endoplasms
  3 giant cockroaches
  7 goblins
  19 hobgoblins
  A jackal (D:4)
  5 kobolds
  4 quokkas
  6 bats
  4 frilled lizards
  3 rats
111 creatures vanquished.

Notes
Turn   | Place    | Note
-------+----------+-------------------------------------------
     0 | D:1      | Dabor the Gargoyle Fighter began the quest for the Orb.
     0 | D:1      | Reached XP level 1. HP: 14/14 MP: 1/1
    72 | D:1      | Found a faded altar of an unknown god.
   134 | D:1      | Reached XP level 2. HP: 19/19 MP: 2/2
   455 | D:1      | Reached XP level 3. HP: 19/23 MP: 3/3
  1898 | D:3      | Found Arifeokk's Distillery.
  1966 | D:3      | Found a white marble altar of Elyvilon.
  1986 | D:3      | Reached skill level 3 in Maces & Flails
  1986 | D:3      | Reached skill level 1 in Dodging
  2052 | D:3      | Found Cepaits's Distillery.
  2061 | D:3      | Reached XP level 4. HP: 29/29 MP: 4/4
  2062 | D:3      | Bought a potion of heal wounds for 65 gold pieces
  2062 | D:3      | Bought a potion of degeneration for 13 gold pieces
  2070 | D:3      | Noticed Robin
  2100 | D:3      | Killed Robin
  2229 | D:3      | Found Giadghegiuxt's Jewellery Boutique.
  2310 | D:3      | Found a hide-covered altar of Uskayaw.
  2408 | D:3      | Found a stormy altar of Qazlal.
  2411 | D:3      | Noticed a water elemental
  2411 | D:3      | Noticed a fire elemental
  2412 | D:3      | Noticed an air elemental
  2412 | D:3      | Noticed an earth elemental
  2468 | D:3      | Found Cosoop's Antique Weapon Emporium.
  2531 | D:3      | Bought a runed flail for 123 gold pieces
  2635 | D:4      | Noticed Sigmund
  2687 | D:4      | Killed Sigmund
  2688 | D:4      | Reached skill level 4 in Maces & Flails
  2688 | D:4      | Reached XP level 5. HP: 6/34 MP: 5/5
  2688 | D:4      | Reached XP level 6. HP: 7/39 MP: 6/6
  2980 | D:5      | Entered Level 5 of the Dungeon
  3290 | D:4      | Noticed Duvessa
  3290 | D:4      | Noticed Dowan
  3319 | D:4      | Killed Duvessa
  3319 | D:4      | Killed Dowan
  3320 | D:4      | Reached XP level 7. HP: 15/44 MP: 7/7
  3604 | D:4      | Reached skill level 5 in Maces & Flails
  3819 | D:4      | Reached skill level 5 in Fighting
  3819 | D:4      | Reached skill level 5 in Armour
  4387 | D:4      | Identified a scroll of acquirement
  4391 | D:4      | Acquired a manual of Dodging
  4513 | D:5      | Noticed Pikel
  4546 | D:5      | Killed Pikel
  4547 | D:5      | Reached skill level 6 in Maces & Flails
  4547 | D:5      | Reached XP level 8. HP: 40/51 MP: 8/8
  4694 | D:5      | Noticed Blork the orc
  4702 | D:5      | Killed Blork the orc
  5028 | D:5      | Reached skill level 7 in Maces & Flails
  5428 | D:5      | Noticed Ijyb
  5446 | D:5      | Killed Ijyb
  5724 | D:5      | Found a sacrificial altar of Ru.
  6164 | D:6      | Reached XP level 9. HP: 52/55 MP: 9/9
  6194 | D:6      | Found a broken altar of Ashenzari.
  6198 | D:6      | Found a staircase to the Ecumenical Temple.
  6208 | D:6      | Reached skill level 5 in Dodging
  6246 | D:6      | Slain by a vampire

Illustrated notes

Levels and vault maps discovered:
D:1:      dpeg_arrival_tiny_d, layout_rooms, ebering_ecumenical_altar_mist
D:2:      layout_basic
D:3:      layout_rooms, eat_drink_and_be_merry_uskayaw, old_standard_altar,
          nicolae_qazlal_style_of_elements, serial_shops, shop,
          nicolae_square_shop, nicolae_shop_crystal, nicolae_shop_behind_doors,
          uniq_robin
D:4:      layout_gridville, minivault_4, minmay_cupped, uniq_sigmund,
          uniq_duvessa
D:5:      layout_loops_corners, nicolae_ru_path_of_blood,
          serial_co_window_serial, co_window_paths_a, co_window_paths_a,
          co_window_paths_a, co_window_paths_a, co_window_paths_a,
          co_window_corner_a, co_window_paths_b, co_window_broadway_c,
          co_window_cross_2, co_window_paths_c, co_window_sun,
          co_window_4corner_a, uniq_ijyb, uniq_pikel, uniq_blork_the_orc
D:6:      layout_loops_ring, mainiacjoe_overflow_alcove_4,
          mainiacjoe_overflow_alcove_1, mainiacjoe_overflow_boulevard,
          minmay_temple_entry_junction_2

Skill      XL: |  1  2  3  4  5  6  7  8  9 |
---------------+----------------------------+-----
Maces & Flails | 3 4 6 7 |  7.5
Dodging        | 1 2 3 4 5 |  5.1
Armour         | 4 5 6 |  6.5
Fighting       | 4 5 6 |  6.5
Shields        | |  3.2

Action                   |  1- 3 |  4- 6 |  7- 9 || total
-------------------------+-------+-------+-------++-------
Melee: Flail             |   133 |   113 |   174 ||   420
       Club              |       |       |    55 ||    55
Throw: Dart              |       |     8 |       ||     8
  Use: Potion            |       |     3 |       ||     3
       Scroll            |       |     5 |     6 ||    11
Armor: Scale mail        |    80 |    65 |   135 ||   280
Dodge: Dodged            |    67 |    44 |    94 ||   205
Block: Buckler           |    23 |    15 |    38 ||    76

Table legend: (Time is in decaauts)
 A = Elapsed time spent in this place.
 B = Non-inter-level travel time spent in this place.
 C = Inter-level travel time spent in this place.
 D = Time resting spent in this place.
 E = Time spent auto-exploring this place.
 F = Levels seen in this place.
 G = Mean time per level.
                   A        B        C        D        E       F      G
               +--------+--------+--------+--------+--------+-----+--------+
         Total |   6339 |   6137 |    202 |    736 |   4228 |   6 | 1056.5 |
       Dungeon |   6339 |   6137 |    202 |    736 |   4228 |   6 | 1056.5 |
               +--------+--------+--------+--------+--------+-----+--------+

Top non-repeatable levels by time:
     D:5: 1997 daAuts
     D:4: 1640 daAuts
     D:2: 1276 daAuts
     D:3: 676 daAuts
     D:1: 637 daAuts
     D:6: 111 daAuts
